Harrier, chaotic male elven Wizard ------- |...>.| --------- |...f.-## |.......| - --@-- # |.......| xf# ##### -.......| ## |`...<..| ####|.......| #........| -|------- # Harrier the Evoker Experience level: 2 Strength: 11 Dexterity: 15 Constitution: 10 Intelligence: 20 Wisdom: 12 Charisma: 9 Health: 0(23) Energy: 18(18) Def: 1 Gold: 125 Moves: 1362 Dungeon seed: 4iwA6x0Gk2Rk3EcX Game ID: Harrier_1616287991 Your Inventory: Coins $ - 125 gold pieces Weapons a - a blessed +2 quarterstaff (weapon in hands) o - a blessed +2 arrow Armor e - an uncursed +0 cloak of magic resistance (being worn) q - an uncursed +0 studded leather armor Comestibles u - an uncursed tripe ration A - an uncursed food ration Scrolls i - an uncursed scroll of remove curse j - 2 uncursed scrolls of confuse monster Spellbooks l - a blessed spellbook of force bolt m - an uncursed spellbook of slow monster Potions f - an uncursed potion of oil g - an uncursed potion of monster detection h - an uncursed potion of water z - an uncursed potion of healing Rings c - an uncursed +1 ring of gain strength (on left hand) d - an uncursed ring of poison resistance (on right hand) Wands b - a wand of magic missile (0:4) Tools n - an uncursed tooled horn Gems y - an uncursed topaz stone Spells and supernatural/magical abilities: Name Level Category Fail Memory a - force bolt 1 attack 0% 94% s - slow monster 2 enchantment 0% 94% W - pray for help -- divine ? -- Your skills at the end: Fighting Skills Weapon Skills quarterstaff [Basic] Spellcasting Skills attack spells [Basic] enchantment spells [Basic] Final Attributes: You were piously aligned. You were poison resistant. You were magic-protected. You had infravision. You are dead. Vanquished creatures: a giant bat a brown mold a gnome zombie 2 jackals a fox 2 sewer rats 6 grid bugs a lichen 3 newts 18 creatures vanquished. Genocided species: giant ants killer bees soldier ants fire ants giant beetles queen bees 6 species genocided. Voluntary challenges: You used a wielded weapon 21 times, starting on turn 62. You read items or engraved 2 times, starting on turn 3. You genocided 6 types of monsters, starting on turn 654. You never polymorphed an object. You never changed form. You used no wishes. You never split a pudding. You never wrote Elbereth's name. You never violated your personal moral code. Dungeon overview: The Dungeons of Doom: levels 1 to 4 Level 1 an altar to Anhur, some fountains a long staircase Level 2 a long staircase Level 3 some fountains Level 4 <- You were here History has recorded: On T:1 you entered the Dungeons of Doom to retrieve the Amulet of Yendor! On T:355 you reached level 2 of The Dungeons of Doom. On T:792 you reached level 3 of The Dungeons of Doom. On T:1189 you advanced to experience level 2. On T:1337 you reached level 4 of The Dungeons of Doom. Score breakdown: Gold: 125 ( 7144 points) Experience: 2 levels ( 5570 points) Exploration: 4 levels ( 8.16%) ( 7500 points) Discoveries: 4 items ( 1.44%) ( 3605 points) Valuables value: (no points given unless you survive) Artifact value: 0 ( 0 points) Variety of kills: 9 monsters ( 2.36%) ( 4610 points) Turncount: 1362 turns ( 0 points) Survival: died (score multiplied by 80%) Total score: 22743 Latest messages: You are surrounded by a golden glow. You see here a chest. Hmmm, it seems to be locked. You are empty handed. a - a blessed +2 quarterstaff (alternate weapon; not wielded). Never mind. You are now wielding your quarterstaff. You have no secondary weapon readied. You see here 33 rocks. You displace Mrp. You stop running. You hit the giant bat! The giant bat bites! (2x) You hit the giant bat. The giant bat bites! (2x) You hit the giant bat. The giant bat bites! (2x) You kill the giant bat! Mrp bites! (2x) You hit the brown mold. You kill the brown mold! Mrp bites! You die... Final status: Goodbye Harrier the Wizard, killed by a kitten called "Mrp"... You died in The Dungeons of Doom on dungeon level 4 with 22743 points, and 125 pieces of gold, after 1362 moves. You were level 2 with a maximum of 23 hit points when you died.